 Dungeon Crawl Stone Soup version 0.30.1-11-g7821555f0a (webtiles) character file.

Game seed: 10076305978787472080

819 lonewolfV2 the Fighter (level 7, -4/72 HPs)
             Began as a Minotaur Fighter on Nov 9, 2023.
             Slain by an orc warrior
             ... wielding a +0 battleaxe
              (15 damage)
             ... on level 5 of the Dungeon.
             The game lasted 00:07:07 (4492 turns).

lonewolfV2 the Fighter (Minotaur Fighter)           Turns: 4492, Time: 00:07:08

Health: -4/72      AC: 13    Str: 26    XL:     7   Next: 63%
Magic:  6/6        EV:  9    Int:  5    God:
Gold:   148        SH:  4    Dex: 11    Spells: 6/6 levels left

rFire   . . .        a - +2 war axe
rCold   . . .        c - +0 buckler
rNeg    . . .        s - +1 scale mail of the Barber Surgeon {Harm *Corrode rPois Str+5}
rPois   +            (helmet restricted)
rElec   .            (no cloak)
rCorr   .            (no gloves)
SInv    .            n - +0 pair of boots
Will    .....        h - amulet of the acrobat Stlth
                     e - +4 ring of protection
HPRegen 0.32/turn    (no ring)
MPRegen 0.10/turn

%: corrode self (3%), harm (+30% outgoing, +20% incoming), acrobat
@: no status effects
A: horns 2, retaliatory headbutt
a: no special abilities


You were on level 5 of the Dungeon.
You visited 1 branch of the dungeon, and saw 5 of its levels.

You collected 148 gold pieces.

Inventory:

Hand Weapons
 a - a +2 war axe (weapon)
Armour
 b - a +0 scale mail
 c - a +0 buckler (worn)
 n - a +0 pair of boots (worn)
 s - the +1 scale mail of the Barber Surgeon (worn) {Harm *Corrode rPois Str+5}
   (You found it on level 4 of the Dungeon)

   Str:       It affects your strength (+5).
   rPois:     It protects you from poison.
   *Corrode:  It may corrode you when you take damage.
   Harm:      It increases damage dealt and taken.
Jewellery
 e - a +4 ring of protection (left hand)
 h - an amulet of the acrobat (around neck)
Wands
 l - a wand of charming (6)
Scrolls
 m - 2 scrolls of teleportation
Potions
 d - 2 potions of might
 f - a potion of heal wounds {unknown}
 g - a potion of lignification {unknown}
 i - 2 potions of cancellation
 k - a potion of mutation {unknown}
 p - a potion of degeneration {unknown}
 t - a potion of attraction {unknown}
 u - a potion of flight {unknown}
 v - a potion of invisibility {unknown}


   Skills:
 - Level 10.0 Fighting
 - Level 2.4 Axes
 * Level 5.8 Armour
 - Level 3.6 Shields


You had 6 spell levels left.
You didn't know any spells.
Your spell library contained the following spells:

 Spells                   Type           Power      Damage    Failure   Level
 Kiss of Death            Conj/Necr      0%         2d5       80%         1
 Necrotise                Necr           0%         1d4       80%         1
 Cigotuvi's Dreadful Rot  Necr/Pois/Air  0%         N/A       90%         2
 Ensorcelled Hibernation  Hex/Ice        0%         N/A       90%         2
 Passwall                 Tmut/Erth      0%         N/A       90%         2
 Sublimation of Blood     Necr           0%         N/A       90%         2
 Confusing Touch          Hex            0%         N/A       99%         3
 Swiftness                Air            0%         N/A       99%         3
 Vampiric Draining        Necr           0%         2d6       99%         3
 Dispel Undead            Necr           0%         3d6       100%        4
 Agony                    Necr           0%         N/A       100%        5
 Blade Hands              Tmut           0%         N/A       100%        5
 Irradiate                Conj/Tmut      0%         3d11      100%        5
 Dragon Form              Tmut           0%         N/A       100%        7


Dungeon Overview and Level Annotations

Branches:
Dungeon (5/15)
 Temple: D:4-7

Altars:
Kikubaaqudgha

Shops:
D:1 [


Innate Abilities, Weirdness & Mutations

You have a pair of horns on your head.
You reflexively headbutt those who attack you in melee.


Message History

Things that are here:
a +0 flail; an orc corpse The orc warrior closely misses you.
The orc warrior closely misses you.
You barely miss the orc warrior. Your headbutt misses the orc warrior.
The orc warrior hits you but does no damage.
You closely miss the orc warrior. You slash the orc priest!
The orc warrior hits you but does no damage.
You slash the orc priest!
You kill the orc priest!
You hit the orc wizard. You barely miss the orc warrior.
The orc wizard points at you and mumbles some strange words.
You resist with some effort. You block the orc warrior's attack. x2
The orc wizard casts a spell.
The orc wizard flickers and vanishes!
Deactivating autopickup; reactivate with Ctrl-A.
You barely miss the orc warrior. You barely miss something.
Something hits you but does no damage.
The orc warrior hits you with a +0 battleaxe!
You hit the orc warrior but do no damage.
You miss something. Something hits you but does no damage.
The orc warrior hits you with a +0 battleaxe.
Something hits you but does no damage.
The orc warrior hits you with a +0 battleaxe!!
You miss something. You hit the orc warrior.
The orc warrior hits you with a +0 battleaxe.
You barely miss the orc. You headbutt the orc.
You kill the orc!
You barely miss something. You closely miss the orc warrior.
You block something's attack.
The orc warrior hits you with a +0 battleaxe.
You miss something. Your headbutt misses something.
You barely miss the orc warrior. Something hits you but does no damage.
The orc warrior hits you with a +0 battleaxe!
* * * LOW HITPOINT WARNING * * *
You block the orc warrior's attack. Something hits you but does no damage.
You miss something.
You hit the orc warrior but do no damage.
The orc warrior hits you with a +0 battleaxe!
You die...

### .### #.... ..#
...##.... ## #####.#
#....#.. ##. ..##.#
#.###.#.... ... #.##.#
#........## #.##.##†#
######.#.## #.......#
#.#... ##.....## ##.####
#..o@{..## #...#
#...#)#...# #...###
....# #)#.#.# #......
......$#....######....##
......###..###..........
.....# ##..............
....# #.####..........
.... #.. #####...... ...
..#. #...###


You could see an orc warrior.

Vanquished Creatures
  3 black bears
  2 ogres
  Blork the orc (D:4)
  A hound (D:4)
  2 orc priests
  An iguana (D:4)
  3 gnolls (D:4)
  7 adders
  An ufetubus (D:5)
  A worm (D:4)
  A dart slug (D:2)
  4 orcs
  12 endoplasms
  A giant cockroach (D:4)
  2 goblins
  10 hobgoblins
  3 jackals (D:4)
  4 quokkas
  7 ball pythons
  5 bats
  8 frilled lizards
  13 kobolds
  9 rats
101 creatures vanquished.

Notes
Turn   | Place    | Note
-------+----------+-------------------------------------------
     0 | D:1      | lonewolfV2 the Minotaur Fighter began the quest for the
                  | Orb.
     0 | D:1      | Reached XP level 1. HP: 19/19 MP: 0/0
    21 | D:1      | Found Keululir's Antique Armour Boutique.
    60 | D:1      | Reached skill level 4 in Fighting
   132 | D:1      | Reached XP level 2. HP: 28/28 MP: 1/1
   928 | D:2      | Reached skill level 5 in Fighting
   942 | D:2      | Reached XP level 3. HP: 36/36 MP: 2/2
  1457 | D:3      | Found a faded altar of an unknown god.
  1480 | D:3      | Prayed at the altar of an unknown god.
  1480 | D:3      | Became a worshipper of Kikubaaqudgha
  1480 | D:3      | Reached * piety under Kikubaaqudgha
  1480 | D:3      | Received a gift from Kikubaaqudgha
  1482 | D:3      | Fell from the grace of Kikubaaqudgha
  1859 | D:3      | Reached skill level 6 in Fighting
  1859 | D:3      | Reached XP level 4. HP: 44/44 MP: 3/3
  2127 | D:4      | Noticed an ogre
  2137 | D:4      | Killed an ogre
  2137 | D:4      | Noticed a black bear
  2138 | D:4      | Reached skill level 7 in Fighting
  2138 | D:4      | Reached XP level 5. HP: 8/52 MP: 4/4
  2692 | D:4      | Killed a black bear
  2693 | D:4      | Reached skill level 8 in Fighting
  2693 | D:4      | Reached XP level 6. HP: 37/61 MP: 5/5
  3235 | D:4      | Noticed Blork the orc
  3244 | D:4      | Killed Blork the orc
  3245 | D:4      | Reached skill level 9 in Fighting
  3332 | D:4      | Identified the +1 scale mail of the Barber Surgeon {Harm
                  | *Corrode rPois Str+5}
  3643 | D:4      | Reached skill level 10 in Fighting
  3643 | D:4      | Reached XP level 7. HP: 69/72 MP: 6/6
  4349 | D:5      | Entered Level 5 of the Dungeon
  4365 | D:5      | Reached skill level 5 in Armour
  4492 | D:5      | Slain by an orc warrior

Illustrated notes

Levels and vault maps discovered:
D:1:      psy_arrival_radial02, layout_basic, serial_shops,
          nicolae_shop_advertising_works [nicolae_subvault_shop_adworks]
D:2:      layout_basic, serial_forest, infiniplex_forest_pool,
          infiniplex_forest_clump_medium, infiniplex_forest_lined_room_3,
          infiniplex_forest_clump_long, infiniplex_forest_end_3,
          infiniplex_forest_lined_3
D:3:      layout_loops_ring, dreamdust_ecumenical_altar_statues,
          lexackson_kobold_supper
D:4:      layout_gridville, dk_noncrumbling_4, minmay_crossroads,
          uniq_blork_the_orc
D:5:      minmay_angry_zag, layout_loops_cross, serial_shops, shop,
          minmay_misc_feat_enclosed, uniq_ijyb

Skill      XL: |  1  2  3  4  5  6  7 |
---------------+----------------------+-----
Fighting       | 4 5 6 7 8 10 | 10.0
Armour         | 5 |  5.8
Axes           | |  2.4
Shields        | |  3.6

Action                     |  1- 3 |  4- 6 |  7- 9 || total
---------------------------+-------+-------+-------++-------
  Melee: War axe           |    90 |    76 |    18 ||   184
         Headbutt          |     8 |    16 |     2 ||    26
 Invoke: Renounce Religion |     1 |       |       ||     1
    Use: Scroll            |     2 |     3 |     4 ||     9
         Potion            |       |     1 |       ||     1
 Armour: Scale mail        |    43 |    41 |    14 ||    98
  Dodge: Dodged            |    72 |    56 |     4 ||   132
  Block: Buckler           |    31 |    21 |     8 ||    60
